 Dungeon Crawl Stone Soup version 0.30-a0-1014-g3371b13838 (webtiles) character file.

Game seed: 14696935795812435638

330 112233 the Vexing (level 6, -15/55 HPs)
             Began as a Naga Hexslinger on Apr 6, 2023.
             Killed by an exploding ball python (31 damage)
             ... ignited by their inner flame
             ... on level 4 of the Dungeon.
             The game lasted 00:03:06 (2057 turns).

112233 the Vexing (Naga Hexslinger)                 Turns: 2057, Time: 00:03:07

Health: -15/55     AC:  5    Str: 12    XL:     6   Next: 51%
Magic:  9/9        EV: 10    Int: 16    God:
Gold:   118        SH:  0    Dex: 11    Spells: 9/10 levels left

rFire   . . .      SeeInvis +    a - +1 sling
rCold   . . .      Faith    .    (no shield)
rNeg    . . .      Spirit   .    c - +0 robe
rPois   +          Reflect  .    f - +0 helmet
rElec   .          Rampage  .    (no cloak)
rCorr   .                        m - +0 pair of gloves
Will    .....                    (no barding)
Stlth   +                        (no amulet)
HPRegen 0.29/turn                (no ring)
MPRegen 0.11/turn                (no ring)

@: very slow
A: AC +2, large, see invisible, deformed body, poison resistance, slowness 2,
spit poison 1, naga tail 1
a: Spit Poison


You were on level 4 of the Dungeon.
You visited 1 branch of the dungeon, and saw 6 of its levels.

You collected 118 gold pieces.

Inventory:

Hand Weapons
 a - a +1 sling (weapon)
Armour
 c - a +0 robe (worn)
 f - a +0 helmet (worn)
 m - a +0 pair of gloves (worn)
Jewellery
 g - an amulet of reflection
Wands
 p - a wand of iceblast (4)
Scrolls
 b - a scroll of poison
 h - a scroll of immolation
 i - a scroll of fog {unknown}
 j - 2 scrolls of identify {unknown}
 n - 2 scrolls of vulnerability {unknown}
 o - a scroll of silence {unknown}
 t - a scroll of enchant armour {unknown}
Potions
 k - 2 potions of brilliance {unknown}
 l - a potion of flight {unknown}
 q - a potion of heal wounds {unknown}
 r - a potion of berserk rage {unknown}
 s - 2 potions of lignification {unknown}


   Skills:
 + Level 2.8 Fighting
 + Level 3.1 Ranged Weapons
 + Level 2.8 Dodging
 + Level 2.6 Spellcasting
 + Level 4.1 Hexes


You had 9 spell levels left.
You knew the following spells:

 Your Spells              Type           Power      Damage    Failure   Level
a - Slow                  Hex            60%        N/A       3%          1

Your spell library contained the following spells:

 Spells                   Type           Power      Damage    Failure   Level
 Inner Flame              Hex/Fire       8%         N/A       26%         3
 Portal Projectile        Hex/Tloc       16%        N/A       26%         3
 Cause Fear               Hex            7%         N/A       34%         4
 Animate Dead             Necr           2%         N/A       89%         4
 Haunt                    Necr/Summ      1%         N/A       100%        7
 Infestation              Necr           1%         N/A       100%        8


Dungeon Overview and Level Annotations

Branches:
Dungeon (6/15)
 Temple: D:4-7

Altars:

Shops:
D:1 [


Innate Abilities, Weirdness & Mutations

Your serpentine skin is tough. (AC +2)
You have supernaturally acute eyesight. (SInv)
Armour fits poorly on your strangely shaped body.
Your system is resistant to poisons. (rPois)
You cover ground very slowly.
You can spit poison.
You have a snake-like lower body.


Message History

The orc hits your adder with a +0 hand axe.
Your hound closely misses the orc.
The ball python bites you but does no damage.
Your adder closely misses the orc.
The kobold barely misses your adder. The orc barely misses you.
The orc hits you with a +0 falchion. The orc hits you but does no damage.
The kobold closely misses your adder.
Your gnoll shouts, "No mercy!
Kill them all!"
Your hound barely misses the orc.
The ball python bites you but does no damage.
Unknown command.
The orc attacks as you move away! The orc hits you but does no damage.
Your adder bites the orc.
Flame seeps out of the orc.
Your hound bites the orc.
Flame seeps out of the orc.
The kobold hits your adder but does no damage.
The orc is engulfed in blazing flames.
The orc explodes!
The fiery explosion engulfs the kobold!!
The fiery explosion engulfs the ball python!!!
The fiery explosion engulfs the orc! x2
The fiery explosion engulfs your adder!!
You kill your adder!
Your adder's corpse dissolves into shadows!
The fiery explosion engulfs your gnoll!!
You kill your gnoll!
Your gnoll's corpse dissolves into shadows!
The fiery explosion engulfs the orc!!
The orc explodes!
The fiery explosion engulfs you!!
* * * LOW HITPOINT WARNING * * *
The fiery explosion engulfs your hound!!!
You kill your hound!
Your hound's corpse dissolves into shadows!
The orc explodes! x2
The fiery explosion engulfs your gnoll!
You kill your gnoll!
Your gnoll's corpse dissolves into shadows!
The ball python explodes!
The fiery explosion engulfs you!!
Ouch! That really hurt!
You die...

#... ###. .####
#.... ....###.....
#....###.##...g.....
.$....... ..........
........###K........
.......>...§§§§.....
......####§§○§§.....
.##...###.§§§○§.....
... .....§§@§§###.#
.## ..........#
.#........#
............
##...)...#...
#.............
........#......
...............


You could see a kobold (inner flame) and a friendly gnoll (summoned).

Vanquished Creatures
  An ogre (D:6)
  A scorpion (D:2)
  A jelly (D:6)
  A sleepcap (D:5)
  Jessica (D:2)
  Terence (D:3)
  4 adders
  A dart slug (D:1)
  5 orcs
  3 ball pythons
  2 endoplasms (D:1)
  5 giant cockroaches
  2 goblins
  3 hobgoblins
  6 jackals
  A quokka (D:2)
  5 bats
  3 frilled lizards (D:1)
  5 kobolds
  5 rats
56 creatures vanquished.

Notes
Turn   | Place    | Note
-------+----------+-------------------------------------------
     0 | D:1      | 112233 the Naga Hexslinger began the quest for the Orb.
     0 | D:1      | Reached XP level 1. HP: 18/18 MP: 2/2
   214 | D:1      | Reached XP level 2. HP: 24/25 MP: 3/3
   317 | D:1      | Found Sicwowud's Antique Armour Emporium.
   428 | D:1      | Reached XP level 3. HP: 31/31 MP: 0/5
   953 | D:2      | Noticed Jessica
   958 | D:2      | Killed Jessica
   959 | D:2      | Reached XP level 4. HP: 36/39 MP: 6/6
  1305 | D:2      | Noticed a scorpion
  1320 | D:2      | Killed a scorpion
  1321 | D:2      | Reached XP level 5. HP: 22/45 MP: 6/8
  1571 | D:3      | Noticed Terence
  1581 | D:3      | Killed Terence
  1660 | D:3      | You fall into a shaft and drop 3 floors!
  1666 | D:6      | Noticed an ogre
  1670 | D:6      | Killed an ogre
  1671 | D:6      | Reached skill level 4 in Hexes
  1671 | D:6      | Reached XP level 6. HP: 55/55 MP: 9/9
  1729 | D:5      | Entered Level 5 of the Dungeon
  2057 | D:4      | Killed by an exploding ball python... ignited by their
                  | inner flame

Illustrated notes

Levels and vault maps discovered:
D:1:      reono_arrival_forest_river, layout_basic, serial_shops, shop,
          serial_curves, eino_curves_04, eino_curves_02, roderic_serpentine_path
D:2:      layout_loops_ring, uniq_jessica
D:3:      cheibrodos_fertilizer, layout_rooms, ashenzari_altar_1,
          lightli_temple_of_fire, nicolae_uskayaw_suspiria,
          gammafunk_ghost_necromancy, kennysheep_flooded_box, uniq_terence
D:4:      layout_rooms, kennysheep_mini_moat, serial_shops, kennysheep_mini,
          minmay_between
D:5:      layout_gridville, mainiacjoe_overflow_six_doors_small,
          minmay_temple_entry_statues_fountains, minivault_5, st_stairs_9,
          uniq_edmund
D:6:      layout_rooms, grunt_qazlal_clouds, marbit_many_paths,
          xom_confusion_cloud, hangedman_decor_clover_reticule

Skill      XL: |  1  2  3  4  5 |
---------------+----------------+-----
Ranged Weapons | 2 3 |  3.1
Dodging        | 2 |  2.8
Fighting       | 2 |  2.8
Spellcasting   | 2 |  2.6
Hexes          | 4 |  4.1

Action                     |  1- 3 |  4- 6 || total
---------------------------+-------+-------++-------
   Fire: Sling             |    94 |    94 ||   188
   Cast: Slow              |     9 |     1 ||    10
Ability: Spit Poison       |     4 |     5 ||     9
  Evoke: Wand              |       |     6 ||     6
    Use: Potion            |     1 |     1 ||     2
         Scroll            |       |     3 ||     3
 Armour: Robe              |    13 |    30 ||    43
  Dodge: Dodged            |    38 |    37 ||    75

Table legend: (Time is in decaauts)
 A = Elapsed time spent in this place.
 B = Non-inter-level travel time spent in this place.
 C = Inter-level travel time spent in this place.
 D = Time resting spent in this place.
 E = Time spent auto-exploring this place.
 F = Levels seen in this place.
 G = Mean time per level.
                   A        B        C        D        E       F      G
               +--------+--------+--------+--------+--------+-----+--------+
         Total |   2530 |   2410 |    120 |    426 |   1578 |   6 |  421.7 |
       Dungeon |   2530 |   2410 |    120 |    426 |   1578 |   6 |  421.7 |
               +--------+--------+--------+--------+--------+-----+--------+

Top non-repeatable levels by time:
     D:1: 1001 daAuts
     D:2: 975 daAuts
     D:5: 318 daAuts
     D:3: 136 daAuts
     D:6: 81 daAuts
     D:4: 17 daAuts
